[Event "29th CRO-chT Junior 2020"]
[Site "Cakovec"]
[Date "2020.07.14"]
[Round "1.4"]
[White "Bedic, Noemi"]
[Black "Novosel, Lovro"]
[Result "0-1"]
[ECO "B34"]
[WhiteElo "1712"]
[BlackElo "1699"]
[Annotator "NA RC"]
[PlyCount "66"]
[EventDate "2020.07.14"]
[EventType "team-tourn"]
[EventCountry "CRO"]
[SourceTitle "playchess.com"]
[Source "ChessBase"]
[SourceQuality "1"]
[TimeControl "5400+30"]

1. e4 g6 2. d4 Bg7 3. Nc3 c5 4. Nf3 cxd4 5. Nxd4 Nc6 6. Be3 Nf6 7. f3 d5 8. Bb5 Bd7 9. exd5 Nxd4 10. Bxd4 Bxb5 11. Nxb5 O-O 12. c4 a6 13. Nc3 b5 14. cxb5 axb5 15. Nxb5 Qxd5 16. Nc3 Qc4 17. b3 Qc7 18. Ne2 Rfd8 19. Qb1 Rxd4 20. Nxd4 Qc3+ 21. Ke2 Qxd4 22. Rd1 Qe5+ 23. Kf1 Nd5 24. Rc1 Ne3+ 25. Kg1 Qd4 26. Kh1 Qd2 27. Rg1 Bxa1 28. Qxa1 Qxa2 29. Qc3 Nd5 30. Qc6 e6 31. Rc1 Rb8 32. Qd7 Qxb3 33. f4 Qe3 0-1

[Event "29th CRO-chT Junior 2020"]
[Site "Cakovec"]
[Date "2020.07.14"]
[Round "1.7"]
[White "Baric, Marko"]
[Black "Troselj, Ivan"]
[Result "0-1"]
[ECO "B12"]
[WhiteElo "1831"]
[BlackElo "1857"]
[Annotator "NA RC"]
[PlyCount "52"]
[EventDate "2020.07.14"]
[EventType "team-tourn"]
[EventCountry "CRO"]
[SourceTitle "playchess.com"]
[Source "ChessBase"]
[SourceQuality "1"]
[TimeControl "5400+30"]

1. e4 c6 2. d4 d5 3. e5 c5 4. dxc5 Nc6 5. Nf3 Bg4 6. c3 e6 7. Be3 Bxf3 8. Qxf3 Nxe5 9. Bb5+ Nc6 10. Nd2 Nf6 11. b4 Be7 12. O-O O-O 13. Bxc6 bxc6 14. c4 a5 15. a3 Qd7 16. Bf4 axb4 17. axb4 Qb7 18. Rxa8 Rxa8 19. Rb1 dxc4 20. Bg5 c3 21. Bxf6 Bxf6 22. Ne4 Qxb4 23. Nxf6+ gxf6 24. Qg3+ Kh8 25. Rc1 Qb2 26. Qf4 c2 0-1

[Event "29th CRO-chT Junior 2020"]
[Site "Cakovec"]
[Date "2020.07.14"]
[Round "1.8"]
[White "Zekic, Patrik"]
[Black "Cecic-Sule, Dino"]
[Result "0-1"]
[ECO "D35"]
[WhiteElo "1699"]
[BlackElo "1695"]
[Annotator "NA RC"]
[PlyCount "78"]
[EventDate "2020.07.14"]
[EventType "team-tourn"]
[EventCountry "CRO"]
[SourceTitle "playchess.com"]
[Source "ChessBase"]
[SourceQuality "1"]
[TimeControl "5400+30"]

1. d4 d5 2. c4 e6 3. Nc3 Nf6 4. cxd5 exd5 5. Bg5 c6 6. e3 Bf5 7. Qf3 Bg6 8. Bxf6 Qxf6 9. Qxf6 gxf6 10. Nge2 Bd6 11. a3 a5 12. f3 O-O 13. Kf2 Re8 14. g4 Nd7 15. Ng3 b5 16. f4 b4 17. Nce2 Bd3 18. Nf5 Bxf5 19. gxf5 bxa3 20. bxa3 Rab8 21. Rg1+ Kh8 22. Rg3 Rb3 23. a4 c5 24. Bg2 Nb6 25. dxc5 Bxc5 26. Nd4 Rb2+ 27. Ne2 d4 28. Kf1 dxe3 29. Rd1 Rd2 30. Rc1 Red8 31. Nc3 e2+ 32. Ke1 Bb4 33. Bf3 Nc4 34. Nd5 R2xd5+ 35. Kxe2 Rd2+ 36. Kf1 Ne3+ 37. Kg1 Rc2 38. Rxc2 Nxc2 39. Bh5 Rg8 0-1

[Event "29th CRO-chT Junior 2020"]
[Site "Cakovec"]
[Date "2020.07.14"]
[Round "1.9"]
[White "Topalic, Fran"]
[Black "Karlovcec, David"]
[Result "1/2-1/2"]
[ECO "B92"]
[WhiteElo "1741"]
[BlackElo "1655"]
[Annotator "NA RC"]
[PlyCount "55"]
[EventDate "2020.07.14"]
[EventType "team-tourn"]
[EventCountry "CRO"]
[SourceTitle "playchess.com"]
[Source "ChessBase"]
[SourceQuality "1"]
[TimeControl "5400+30"]

1. e4 c5 2. Nf3 d6 3. d4 cxd4 4. Nxd4 Nf6 5. Nc3 a6 6. Be2 e5 7. Nb3 Be7 8. O-O O-O 9. Be3 Be6 10. f3 d5 11. exd5 Nxd5 12. Nxd5 Bxd5 13. c4 Be6 14. Qxd8 Rxd8 15. Nc5 Bxc5 16. Bxc5 Rd2 17. Rfd1 Rxd1+ 18. Rxd1 Nc6 19. b3 f6 20. Rd6 Kf7 21. Bd3 f5 22. g4 g6 23. h3 a5 24. Be2 Rd8 25. Kf2 Rxd6 26. Bxd6 Bd7 27. Bc7 Ke7 28. Bb6 1/2-1/2

[Event "29th CRO-chT Junior 2020"]
[Site "Cakovec"]
[Date "2020.07.14"]
[Round "1.10"]
[White "Vidovic, Dominik"]
[Black "Matota, Dominik"]
[Result "0-1"]
[ECO "E93"]
[WhiteElo "1526"]
[BlackElo "1807"]
[Annotator "NA RC"]
[PlyCount "56"]
[EventDate "2020.07.14"]
[EventType "team-tourn"]
[EventCountry "CRO"]
[SourceTitle "playchess.com"]
[Source "ChessBase"]
[SourceQuality "1"]
[TimeControl "5400+30"]

1. d4 Nf6 2. c4 g6 3. Nc3 Bg7 4. e4 d6 5. Nf3 O-O 6. Be3 Nbd7 7. Be2 e5 8. d5 Nh5 9. g4 Nf4 10. Bxf4 exf4 11. Nd4 a6 12. h4 Ne5 13. f3 Bf6 14. g5 Bg7 15. Qd2 Bd7 16. Qxf4 Nxc4 17. Bxc4 Bxd4 18. Qd2 Bh8 19. h5 b5 20. hxg6 fxg6 21. Qh2 Rf7 22. Bb3 Qxg5 23. Ke2 b4 24. Na4 Bb5+ 25. Ke1 Qe3+ 26. Kd1 Qxf3+ 27. Kc1 Be5 28. Qh4 Bf4+ 0-1

[Event "29th CRO-chT Junior 2020"]
[Site "Cakovec"]
[Date "2020.07.14"]
[Round "1.12"]
[White "Kristofic, Dino"]
[Black "Dankos, Mislav"]
[Result "0-1"]
[ECO "B72"]
[WhiteElo "1271"]
[BlackElo "1274"]
[Annotator "NA RC"]
[PlyCount "56"]
[EventDate "2020.07.14"]
[EventType "team-tourn"]
[EventCountry "CRO"]
[SourceTitle "playchess.com"]
[Source "ChessBase"]
[SourceQuality "1"]
[TimeControl "5400+30"]

1. e4 c5 2. Nf3 Nc6 3. d4 cxd4 4. Nxd4 g6 5. Bc4 Bg7 6. Be3 Nf6 7. Nc3 d6 8. Nxc6 bxc6 9. Qd2 O-O 10. Bh6 a5 11. Bxg7 Kxg7 12. O-O Rb8 13. b3 Bb7 14. Rad1 c5 15. Rfe1 Bc6 16. e5 Ne8 17. Ne4 Bxe4 18. Rxe4 Rb7 19. Qc3 Kg8 20. g3 Qb6 21. a4 e6 22. Bb5 d5 23. Rf4 Ng7 24. Qd3 Nf5 25. c4 Rd8 26. cxd5 Rxd5 27. Qe2 Nd4 28. Qd3 Nxb5 0-1

[Event "29th CRO-chT Junior 2020"]
[Site "Cakovec"]
[Date "2020.07.14"]
[Round "1.13"]
[White "Damjanovic, Stjepan"]
[Black "Haidinger, Erik"]
[Result "1-0"]
[ECO "B23"]
[WhiteElo "1867"]
[BlackElo "1767"]
[Annotator "NA RC"]
[PlyCount "95"]
[EventDate "2020.07.14"]
[EventType "team-tourn"]
[EventCountry "CRO"]
[SourceTitle "playchess.com"]
[Source "ChessBase"]
[SourceQuality "1"]
[TimeControl "5400+30"]

1. e4 c5 2. Nc3 d6 3. f4 g6 4. Nf3 Bg7 5. Bb5+ Bd7 6. Bc4 e6 7. O-O Ne7 8. d3 O-O 9. Be3 Nbc6 10. Rb1 Nd4 11. Ne2 d5 12. Bb3 dxe4 13. Nfxd4 cxd4 14. Bxd4 Bb5 15. Bxg7 Kxg7 16. c4 exd3 17. cxb5 dxe2 18. Qxe2 Qb6+ 19. Kh1 Nf5 20. Rfd1 Rad8 21. Qe5+ Kg8 22. Rbc1 Rxd1+ 23. Bxd1 Qf2 24. Bf3 b6 25. a4 Nd4 26. Bc6 Ne2 27. Rd1 Nxf4 28. h3 Nd3 29. Qc7 Nxb2 30. Ra1 Qd4 31. Qxa7 Nc4 32. Re1 e5 33. Qe7 Qc3 34. Re4 Nb2 35. Rxe5 Nxa4 36. Re4 Nc5 37. Rh4 Ne6 38. Re4 Ng7 39. Re3 Qa5 40. Bd7 f5 41. Bc6 Qa1+ 42. Re1 Qf6 43. Qc7 Qd8 44. Qb7 Qb8 45. Qe7 Rd8 46. Ra1 Rd6 47. Kg1 Rxc6 48. bxc6 1-0

[Event "29th CRO-chT Junior 2020"]
[Site "Cakovec"]
[Date "2020.07.14"]
[Round "1.14"]
[White "Sundac, Ivano"]
[Black "Juric, Ester"]
[Result "1-0"]
[ECO "D02"]
[WhiteElo "1408"]
[BlackElo "1663"]
[Annotator "NA RC"]
[PlyCount "61"]
[EventDate "2020.07.14"]
[EventType "team-tourn"]
[EventCountry "CRO"]
[SourceTitle "playchess.com"]
[Source "ChessBase"]
[SourceQuality "1"]
[TimeControl "5400+30"]

1. d4 d5 2. Bf4 Nf6 3. e3 e6 4. Nf3 Bd6 5. Ne5 Nbd7 6. Nd2 O-O 7. Bd3 Qe7 8. Qf3 c5 9. c3 h6 10. h4 c4 11. Bc2 h5 12. Qg3 Bxe5 13. dxe5 Ne8 14. Qf3 g6 15. g4 Ng7 16. gxh5 Nxh5 17. Rg1 Kh8 18. Bg5 Qe8 19. Bf6+ Ndxf6 20. exf6 Qd8 21. Rg5 Nxf6 22. h5 Nh7 23. Rg2 Qf6 24. hxg6 fxg6 25. Qg3 e5 26. O-O-O Be6 27. Rh1 Bg8 28. Bxg6 Rac8 29. Bf5 Rc7 30. Rhg1 Qxf5 31. Qxg8+ 1-0

[Event "29th CRO-chT Junior 2020"]
[Site "Cakovec"]
[Date "2020.07.14"]
[Round "1.15"]
[White "Mandaric, Fran"]
[Black "Tomljanovic, Ivano"]
[Result "1-0"]
[ECO "C50"]
[WhiteElo "1671"]
[BlackElo "1393"]
[Annotator "NA RC"]
[PlyCount "45"]
[EventDate "2020.07.14"]
[EventType "team-tourn"]
[EventCountry "CRO"]
[SourceTitle "playchess.com"]
[Source "ChessBase"]
[SourceQuality "1"]
[TimeControl "5400+30"]

1. e4 e5 2. Nf3 Nc6 3. Bc4 Bc5 4. O-O Nf6 5. d4 Bxd4 6. Nxd4 Nxd4 7. f4 Nc6 8. Bxf7+ Kxf7 9. fxe5 Nxe5 10. Qh5+ Ng6 11. e5 h6 12. Nc3 d5 13. exf6 gxf6 14. Nxd5 f5 15. Ne3 Qh4 16. Qf3 Ne7 17. Ng4 Be6 18. g3 Bd5 19. Ne5+ Kf6 20. gxh4 Bxf3 21. Nxf3 Rad8 22. Bf4 Nd5 23. Be5+ 1-0

[Event "29th CRO-chT Junior 2020"]
[Site "Cakovec"]
[Date "2020.07.14"]
[Round "2.2"]
[White "Karlusic, Luka"]
[Black "Radenic, Filip"]
[Result "0-1"]
[ECO "E46"]
[WhiteElo "2169"]
[BlackElo "2134"]
[Annotator "RC"]
[PlyCount "108"]
[EventDate "2020.07.14"]
[EventType "team-tourn"]
[EventCountry "CRO"]
[SourceTitle "playchess.com"]
[Source "ChessBase"]
[SourceQuality "1"]
[TimeControl "5400+30"]

1. d4 Nf6 2. c4 e6 3. Nc3 Bb4 4. e3 O-O 5. Nge2 Re8 6. a3 Bf8 7. Ng3 d5 8. cxd5 exd5 9. Bd3 a5 10. O-O Na6 11. Qc2 c6 12. Bd2 Nc7 13. Rab1 Ne6 14. Rfc1 h5 15. h3 h4 16. Nf1 Bd6 17. Ne2 Ng5 18. f4 Nge4 19. Be1 Nh5 20. Bxe4 Rxe4 21. Nc3 Re8 22. Qf2 Be7 23. b4 Bf5 24. Rb3 axb4 25. axb4 b5 26. Ne2 Qb6 27. Kh2 Ra2 28. Qf3 g6 29. Nc3 Ra6 30. Rb2 Rea8 31. Qe2 Qb8 32. Kg1 Qf8 33. Nd1 Qe8 34. Nh2 Bf6 35. Nf3 Ra1 36. Rxa1 Rxa1 37. Ra2 Nxf4 38. exf4 Qxe2 39. Rxe2 Rxd1 40. Re8+ Kg7 41. Kf1 Be4 42. Ne5 Rxd4 43. Nxc6 Bd3+ 44. Kf2 Rxf4+ 45. Ke3 Re4+ 46. Rxe4 dxe4 47. g3 hxg3 48. Bxg3 Bc3 49. Bd6 f5 50. h4 Kf6 51. Bf8 Ke6 52. Nd4+ Kd5 53. Nb3 Be1 54. h5 g5 0-1

[Event "29th CRO-chT Junior 2020"]
[Site "Cakovec"]
[Date "2020.07.14"]
[Round "2.7"]
[White "Vuk, Sebastijan"]
[Black "Baric, Marko"]
[Result "1/2-1/2"]
[ECO "B31"]
[WhiteElo "1382"]
[BlackElo "1831"]
[Annotator "NA RC"]
[PlyCount "27"]
[EventDate "2020.07.14"]
[EventType "team-tourn"]
[EventCountry "CRO"]
[SourceTitle "playchess.com"]
[Source "ChessBase"]
[SourceQuality "1"]
[TimeControl "5400+30"]

1. e4 c5 2. Nf3 Nc6 3. Bb5 g6 4. Nc3 Nd4 5. Nxd4 cxd4 6. Ne2 Bg7 7. O-O a6 8. Bc4 Qc7 9. d3 b5 10. Bb3 Bb7 11. f4 e6 12. Qe1 Ne7 $14 13. Qf2 Nc6 14. e5 1/2-1/2

[Event "29th CRO-chT Junior 2020"]
[Site "Cakovec"]
[Date "2020.07.14"]
[Round "2.8"]
[White "Cecic-Sule, Dino"]
[Black "Kristofic, Dino"]
[Result "1-0"]
[ECO "D02"]
[WhiteElo "1695"]
[BlackElo "1290"]
[Annotator "NA RC"]
[PlyCount "67"]
[EventDate "2020.07.14"]
[EventType "team-tourn"]
[EventCountry "CRO"]
[SourceTitle "playchess.com"]
[Source "ChessBase"]
[SourceQuality "1"]
[TimeControl "5400+30"]

1. d4 d5 2. Nf3 Bf5 3. Bf4 Nf6 4. e3 Nbd7 5. Bd3 Be4 6. Nbd2 e6 7. Bxe4 Nxe4 8. Nxe4 dxe4 9. Nd2 f5 10. c3 Rc8 11. Qb3 Bd6 12. Qxe6+ Qe7 13. Qxe7+ Bxe7 14. Nc4 Bf6 15. f3 b5 16. Nd2 exf3 17. Nxf3 O-O 18. Kf2 Nb6 19. Be5 Bxe5 20. Nxe5 c5 21. Rac1 b4 22. cxb4 cxd4 23. exd4 Nd5 24. a3 Nf4 25. g3 Ne6 26. Nc6 Rc7 27. d5 Ng5 28. Rhd1 Ne4+ 29. Kf3 Ng5+ 30. Kg2 f4 31. gxf4 Rxf4 32. d6 Rg4+ 33. Kh1 Nh3 34. Rf1 1-0

[Event "29th CRO-chT Junior 2020"]
[Site "Cakovec"]
[Date "2020.07.14"]
[Round "2.9"]
[White "Haidinger, Erik"]
[Black "Topalic, Fran"]
[Result "1-0"]
[ECO "D02"]
[WhiteElo "1767"]
[BlackElo "1741"]
[Annotator "NA RC"]
[PlyCount "61"]
[EventDate "2020.07.14"]
[EventType "team-tourn"]
[EventCountry "CRO"]
[SourceTitle "playchess.com"]
[Source "ChessBase"]
[SourceQuality "1"]
[TimeControl "5400+30"]

1. d4 d5 2. Bf4 Nf6 3. e3 Bf5 4. Nf3 e6 5. Ne5 Nbd7 6. g4 Bg6 7. h4 Nxe5 8. dxe5 Nd7 9. h5 Bb4+ 10. c3 Bxb1 11. cxb4 Be4 12. f3 f6 13. fxe4 fxe5 14. Bg3 Qg5 15. Bf2 Nf6 16. exd5 O-O-O 17. Qe2 Qh6 18. Rg1 g5 19. hxg6 Qxg6 20. Bg2 exd5 21. g5 Ne4 22. Bxe4 Qxe4 23. Qg4+ Qxg4 24. Rxg4 Rhg8 25. O-O-O Rd6 26. Bg3 h6 27. Bxe5 Rc6+ 28. Kb1 hxg5 29. Rxd5 Rcg6 30. Rc5 c6 31. b5 1-0

[Event "29th CRO-chT Junior 2020"]
[Site "Cakovec"]
[Date "2020.07.14"]
[Round "2.10"]
[White "Matota, Dominik"]
[Black "Sundac, Ivano"]
[Result "1-0"]
[ECO "B92"]
[WhiteElo "1807"]
[BlackElo "1408"]
[Annotator "NA RC"]
[PlyCount "79"]
[EventDate "2020.07.14"]
[EventType "team-tourn"]
[EventCountry "CRO"]
[SourceTitle "playchess.com"]
[Source "ChessBase"]
[SourceQuality "1"]
[TimeControl "5400+30"]

1. e4 c5 2. Nf3 d6 3. d4 cxd4 4. Nxd4 Nf6 5. Nc3 a6 6. Be2 e5 7. Nb3 Be6 8. Be3 Be7 9. f3 O-O 10. Qd2 Nbd7 11. O-O-O ({White should play} 11. Nd5 $11) 11... b5 12. h4 {[%emt 0:00:00] B92: Sicilian Najdorf: 6 Be2.} Nh5 ({Better is} 12... b4 $17 13. Nd5 Bxd5 14. exd5 a5) 13. g4 Ng3 14. Rh2 Nxe2+ 15. Nxe2 a5 16. Kb1 a4 17. Nbc1 {[%emt 0:00:00] [#]} Nb6 $146 ({Predecessor:} 17... b4 18. g5 b3 19. cxb3 axb3 20. a3 d5 21. exd5 Bf5+ 22. Ka1 Bxa3 23. bxa3 Rxa3+ 24. Kb2 Qa8 25. Qb4 Ra2+ 26. Nxa2 Qxa2+ 27. Kc1 Qc2# {0-1 (27) Martins,R (1800)-Da Silva,J (1734) Curitiba 2015}) 18. Bxb6 Qxb6 19. Nd3 {[%emt 0:00:30] [#]} (19. Ng3 $11 {remains equal.}) 19... f6 $2 (19... d5 $1 $17 20. Nxe5 Rad8 21. exd5 Bxd5) 20. Nb4 $1 Rfd8 21. Nd5 Qb7 22. a3 Rab8 23. Qb4 (23. Nec3 $16) 23... Bxd5 24. Rxd5 Rdc8 25. Qd2 Rc4 (25... b4 $14 26. Qxb4 Qxb4 27. axb4 Rxb4) 26. c3 Rc5 27. Ng3 (27. Rd3 $16) 27... Rxd5 28. exd5 Rc8 29. Rh1 Bf8 30. Qd3 Rc7 31. Ne4 Be7 32. h5 h6 ({Black should try} 32... Rc4 $14) 33. Rd1 Bf8 34. Ng3 Rc5 {[%emt 0:00:30] [#]} ({Better is} 34... Rc4) 35. Qf5 $1 Qc8 {[%emt 0:01:30] [#]} 36. Qg6 (36. Qe6+ $1 $18 Kh8 37. Ne4) 36... Qb7 $2 {[%emt 0:00:30] [#]} (36... Kh8 $16) 37. Ne4 $18 Qe7 38. Nxc5 dxc5 39. d6 Qd8 40. d7 1-0

[Event "29th CRO-chT Junior 2020"]
[Site "Cakovec"]
[Date "2020.07.14"]
[Round "2.11"]
[White "Tomljanovic, Ivano"]
[Black "Borzan, Matej"]
[Result "0-1"]
[ECO "B07"]
[WhiteElo "1393"]
[BlackElo "1746"]
[Annotator "NA RC"]
[PlyCount "90"]
[EventDate "2020.07.14"]
[EventType "team-tourn"]
[EventCountry "CRO"]
[SourceTitle "playchess.com"]
[Source "ChessBase"]
[SourceQuality "1"]
[TimeControl "5400+30"]

1. e4 d6 2. Nf3 Nf6 3. Nc3 g6 4. Bc4 Bg7 5. d3 O-O 6. O-O Nbd7 7. Be3 Ng4 8. h3 Nxe3 9. fxe3 c6 10. d4 e5 11. Qe2 Qb6 12. Ng5 Nf6 13. dxe5 dxe5 14. Bb3 Bd7 15. Rad1 Rad8 16. Rfe1 h6 17. Nf3 Rfe8 18. Rd2 Be6 19. Red1 Bxb3 20. axb3 h5 21. Rxd8 Rxd8 22. Rxd8+ Qxd8 23. Nxe5 Qe7 24. Nd3 Nxe4 25. Nxe4 Qxe4 26. Qf3 Qe7 27. b4 f5 28. c3 Qd6 29. Nf4 Kh7 30. h4 Bh6 31. Qf2 Kg7 32. Qg3 Kf7 33. Qf2 Bxf4 34. exf4 a6 35. g3 Qd3 36. Kg2 Ke6 37. Kh3 Qe4 38. Kh2 Kd5 39. Qc5+ Ke6 40. Qf2 Qd3 41. Kg2 Qc4 42. Qd2 Qd5+ 43. Qxd5+ Kxd5 44. Kf2 Kc4 45. g4 hxg4 0-1

[Event "29th CRO-chT Junior 2020"]
[Site "Cakovec"]
[Date "2020.07.14"]
[Round "2.12"]
[White "Dankos, Mislav"]
[Black "Kresic, Vid"]
[Result "1/2-1/2"]
[ECO "D38"]
[WhiteElo "1274"]
[BlackElo "1216"]
[Annotator "NA RC"]
[PlyCount "59"]
[EventDate "2020.07.14"]
[EventType "team-tourn"]
[EventCountry "CRO"]
[SourceTitle "playchess.com"]
[Source "ChessBase"]
[SourceQuality "1"]
[TimeControl "5400+30"]

1. d4 d5 2. c4 e6 3. Nc3 Bb4 4. Nf3 Nf6 5. Bg5 h6 6. Bh4 Nc6 7. e3 g5 8. Bg3 Ne4 9. Qc2 f5 10. Be5 Rg8 11. cxd5 exd5 12. Bb5 Bd7 13. a3 Bxc3+ 14. bxc3 g4 15. Bxc6 Bxc6 16. Nd2 Qd7 17. h4 g3 18. Nxe4 fxe4 19. Bxg3 Bb5 20. a4 Bd3 21. Qb3 c6 22. a5 Rg6 23. Qb4 Bc4 24. Rb1 Rb8 25. Bxb8 Qg4 26. Qb2 Qxg2 27. Rh2 Qf3 28. Bg3 Rxg3 29. fxg3 Qf1+ 30. Kd2 1/2-1/2

[Event "29th CRO-chT Junior 2020"]
[Site "Cakovec"]
[Date "2020.07.15"]
[Round "3.2"]
[White "Dumancic, Simun"]
[Black "Juric, Ester"]
[Result "1-0"]
[ECO "B53"]
[WhiteElo "1896"]
[BlackElo "1663"]
[Annotator "NA RC"]
[PlyCount "81"]
[EventDate "2020.07.14"]
[EventType "team-tourn"]
[EventCountry "CRO"]
[SourceTitle "playchess.com"]
[Source "ChessBase"]
[SourceQuality "1"]
[TimeControl "5400+30"]

1. e4 c5 2. Nf3 d6 3. d4 cxd4 4. Qxd4 Nc6 5. Bb5 Bd7 6. Bxc6 Bxc6 7. Nc3 e5 8. Qd3 h6 9. Be3 Nf6 10. O-O-O Be7 11. h3 (11. Nh4 $5 ) 11... a6 {[%emt 0:04:30] B53: Sicilian: 2...d6: Lines with Qxd4.} 12. Nh4 g6 {[%emt 0:17:30] [#]} 13. Rhe1 $146 ({Predecessor:} 13. f4 exf4 14. Bd4 O-O 15. Nf3 Nd7 16. Qd2 Kh7 17. Qxf4 f5 18. Qe3 f4 19. Qf2 {0-1 (70) Prakapuk,V (1974)-Uzlavataya,A (1979) Minsk 2015}) 13... Qc7 14. f4 Rd8 (14... Nh5 $15 15. Nf3 exf4) 15. Nf3 b5 16. a3 O-O 17. g4 Rfe8 18. Kb1 (18. Bd2 $11) 18... Bf8 19. Bc1 Be7 $2 {[%emt 0:04:59] [#]} ({Black should play} 19... exf4 $11 20. Bxf4 Qb7) 20. Qe2 $2 (20. g5 $1 $16 hxg5 21. Nxg5 (21. fxg5 Nd7 $11)) 20... Bf8 $2 (20... exf4 $11 {and Black stays safe.} 21. Bxf4 Bf8) 21. Qf2 $2 ({Better is} 21. g5 $18) 21... a5 (21... exf4 $17 22. Nd4 g5 23. Bxf4 gxf4 24. Qxf4 Nh7) 22. Nd5 Bxd5 $1 23. exd5 Qc5 ({Black should play} 23... exf4 $15 24. Bxf4 b4 25. Rxe8 Rxe8) 24. Be3 Qc4 25. b3 Qc8 $1 26. fxe5 $2 (26. Bb6 $14 {was forced to keep a grip.} exf4 27. Bxd8 (27. Bxa5 Rxe1 28. Bxe1 Re8 $15) 27... Qxd8 28. Rxe8 Qxe8 29. Qe1) 26... dxe5 $2 (26... Ne4 $19 27. Qh2 Nc3+ 28. Kb2 dxe5) 27. Nxe5 Rxe5 28. Qxf6 Bg7 29. Qc6 $1 Qxc6 {[%emt 0:00:50] Remove Defender} 30. dxc6 Rxd1+ $4 (30... Rc8 $16) 31. Rxd1 Rxe3 32. c7 Rc3 33. Rd8+ Kh7 34. c8=Q Rxc8 35. Rxc8 b4 36. Ra8 bxa3 37. Rxa5 Bb2 38. c4 g5 39. c5 Bd4 40. c6 Bb6 41. Rb5 1-0

[Event "29th CRO-chT Junior 2020"]
[Site "Cakovec"]
[Date "2020.07.15"]
[Round "3.3"]
[White "Mandaric, Fran"]
[Black "Sagovac, Kristijan"]
[Result "0-1"]
[ECO "B50"]
[WhiteElo "1671"]
[BlackElo "1839"]
[Annotator "NA RC"]
[PlyCount "56"]
[EventDate "2020.07.14"]
[EventType "team-tourn"]
[EventCountry "CRO"]
[SourceTitle "playchess.com"]
[Source "ChessBase"]
[SourceQuality "1"]
[TimeControl "5400+30"]

1. e4 c5 2. Nf3 Nc6 3. b3 e5 4. Bb2 d6 5. Nc3 Nf6 6. Bb5 {[%emt 0:04:30] B50: Sicilian: 2...d6, Miscellaneous.} Bd7 7. Qe2 a6 8. Bxc6 Bxc6 9. d3 Be7 10. O-O O-O {[%emt 0:01:30] [#]} 11. Rfe1 $146 ({Predecessor:} 11. Nd2 Re8 12. f4 exf4 13. Rxf4 d5 14. Raf1 d4 15. Nd1 Bd6 16. Rxf6 gxf6 17. Ne3 dxe3 {0-1 (49) Kayan,V (1814)-Beradze,I (2467) Cubuk 2017}) 11... b5 12. Nd1 Nh5 13. Bxe5 $2 (13. g3 $15) 13... dxe5 14. Nxe5 Be8 15. g4 $2 (15. Qxh5 f6 16. Qe2 fxe5 17. Ne3) 15... Bf6 16. Nxf7 Bxf7 17. e5 Re8 18. d4 cxd4 19. gxh5 Rxe5 20. Qd2 Bg5 21. f4 Bxf4 22. Qf2 Rxe1+ 23. Qxe1 Qg5+ 24. Kf1 Bd5 25. Qf2 Rf8 26. h4 Qg4 27. Qe2 Be3+ 28. Nf2 Rxf2+ 0-1

[Event "29th CRO-chT Junior 2020"]
[Site "Cakovec"]
[Date "2020.07.15"]
[Round "3.7"]
[White "Borzan, Matej"]
[Black "Colev, Ivor"]
[Result "1-0"]
[ECO "A88"]
[WhiteElo "1746"]
[BlackElo "1893"]
[Annotator "NA RC"]
[PlyCount "95"]
[EventDate "2020.07.14"]
[EventType "team-tourn"]
[EventCountry "CRO"]
[SourceTitle "playchess.com"]
[Source "ChessBase"]
[SourceQuality "1"]
[TimeControl "5400+30"]

1. d4 f5 2. c4 Nf6 3. Nc3 g6 4. Nf3 Bg7 5. g3 O-O 6. Bg2 d6 7. O-O c6 {[%emt 0:00:00] is recently more successful than 7...Qe8. Played by Hikaru Nakamura in June 2020.} 8. Bf4 Qe8 {[%emt 0:01:00] A88: Dutch Defence: Leningrad System: 5 Nf3 0-0 6 0-0 d6 7 Nc3 c6.} 9. Qd2 Nbd7 $1 10. Bh6 e5 11. Bxg7 Kxg7 12. dxe5 dxe5 13. e4 {[%emt 0:00:30] [#]} Nh5 $2 $146 (13... Nc5 $11 {and Black is okay.}) ({Predecessor:} 13... Nxe4 14. Nxe4 fxe4 15. Ng5 Nf6 16. Nxe4 Nxe4 17. Bxe4 Bg4 18. Rae1 Qd8 19. Qb4 Rf7 {½-½ (42) Raps,J (2148)-Wehner,R (2266) Germany 2011}) 14. exf5 gxf5 15. Rfe1 e4 16. Nd4 $2 (16. g4 $1 $18) 16... Ne5 $2 {[%emt 0:08:30] [#]} ({Black should play} 16... Qg6 $14) 17. f3 $2 ({Only move:} 17. Nxe4 $1 $18 fxe4 18. Qg5+ Ng6 19. Qxh5 (19. Rxe4 Qf7 $16)) 17... exf3 $2 (17... Qg6 $14) 18. Nxf3 Nxf3+ 19. Bxf3 Qg6 20. Re7+ Kg8 {[%emt 0:02:30] [#]} 21. Bxh5 $1 Qxh5 22. Qd4 Qg6 23. Ne2 Qg5 24. Qe5 h5 $2 (24... Qf6 $16 25. Qxf6 Rxf6) 25. Kf2 $2 (25. Nf4 Qf6 26. Qe2 Qd4+ 27. Kg2) 25... b6 $2 (25... Qf6 26. Qxf6 Rxf6) 26. Rd1 Qf6 27. Qxf6 Rxf6 28. Re8+ Rf8 29. Rxf8+ Kxf8 30. Rd8+ Kg7 (30... Ke7 $142 31. Rh8 Kd6) 31. Nd4 Kf6 32. Nxc6 Bb7 33. Rxa8 Bxa8 34. Nxa7 Bb7 35. Nb5 Ke5 36. Ke3 Bc6 37. Nc3 Bg2 38. Ne2 Bf1 39. Kf2 Bh3 40. Nf4 Bg4 41. Ke3 Bd1 42. Nd3+ Ke6 43. Kd4 Kd6 44. b4 Ba4 45. Nf4 Be8 46. c5+ bxc5+ 47. bxc5+ Kc6 48. Nd3 $18 1-0

[Event "29th CRO-chT Junior 2020"]
[Site "Cakovec"]
[Date "2020.07.15"]
[Round "3.8"]
[White "Poljan, Max"]
[Black "Dankos, Mislav"]
[Result "0-1"]
[ECO "D12"]
[WhiteElo "1618"]
[BlackElo "1274"]
[Annotator "NA RC"]
[PlyCount "159"]
[EventDate "2020.07.14"]
[EventType "team-tourn"]
[EventCountry "CRO"]
[SourceTitle "playchess.com"]
[Source "ChessBase"]
[SourceQuality "1"]
[TimeControl "5400+30"]

1. d4 d5 2. Nf3 Nf6 3. e3 Bf5 4. c4 c6 5. Qb3 Qc7 6. Nc3 e6 7. Be2 Bd6 8. O-O O-O 9. h3 b6 10. Bd2 Nbd7 11. Rac1 Qb7 12. Nh4 Ne4 13. Nxe4 Bxe4 14. f3 dxc4 15. Bxc4 Bd5 16. Bxd5 cxd5 17. f4 Nf6 18. Nf3 Ne4 19. Bb4 Bxb4 20. Qxb4 Qa6 21. Qb3 Ng3 22. Rfe1 Ne2+ 23. Kf2 Nxc1 24. Rxc1 Rac8 25. Rc3 Rxc3 26. Qxc3 Qc4 27. Qa3 a5 28. Qe7 Qc2+ 29. Kg3 Qg6+ 30. Kf2 Qf6 31. Qb7 Qd8 32. Ne5 Qd6 33. Nd7 Rd8 34. Ne5 Rf8 35. Nd7 Qe7 36. Qc6 Rd8 37. Ne5 f6 38. Nd3 Rd6 39. Qb5 Qd7 40. Qxd7 Rxd7 41. Ke2 Rc7 42. Kd2 Kf7 43. g3 g5 44. fxg5 fxg5 45. Ne5+ Kf6 46. g4 b5 47. Nd3 b4 48. Kd1 Ke7 49. Kd2 Kd6 50. Kd1 Kc6 51. Nc5 Kd6 52. Nd3 Rb7 53. Kc2 Rf7 54. Ne5 Rf2+ 55. Kb3 Kc7 56. Ka4 Kb6 57. Nd7+ Ka6 58. Nc5+ Kb6 59. Nd7+ Kc7 60. Ne5 Rxb2 61. Kxa5 b3 62. axb3 Rxb3 63. Nf7 h6 64. Nxh6 Rxe3 65. Nf7 Rxh3 66. Nxg5 Rh4 67. Nxe6+ Kd6 68. Nf4 Rxg4 69. Ne2 Re4 70. Nc1 Rxd4 71. Nb3 Rc4 72. Kb5 Ke5 73. Nd2 Rc2 74. Nf1 d4 75. Kb4 d3 76. Kb3 Rc8 77. Nd2 Kd4 78. Nf1 Ke4 79. Nd2+ Ke3 80. Nc4+ 0-1